 Dungeon Crawl Stone Soup version 0.28.0-43-g3370ac3207 (webtiles) character file.

Game seed: 17711408633750505071

312 tizbic2 the Sneak (level 6, 0/28 HPs)
             Began as a Vine Stalker Earth Elementalist on Mar 3, 2022.
             Was a Believer of Ru.
             Slain by a black bear (1 damage)
             ... on level 5 of the Dungeon.
             The game lasted 00:17:49 (3028 turns).

tizbic2 the Sneak (Vine Stalker Earth Elementalist) Turns: 3028, Time: 00:17:50

Health: 0/28       AC:  6    Str: 13    XL:     6   Next: 42%
Magic:  0/11       EV: 11    Int: 18    God:    Ru [**....]
Gold:   92         SH:  0    Dex: 20    Spells: 9/10 levels left

rFire   . . .      SeeInvis .   w - +7 hunting sling of Ysicaug {flame, Int+3 Stlth+}
rCold   . . .      Faith    .   (no shield)
rNeg    . . .      Spirit   +   j - +0 acid dragon scales
rPois   .          Reflect  .   (no helmet)
rElec   .          Harm     .   (no cloak)
rCorr   +          Rampage  .   (no gloves)
Will    .....                   (no boots)
Stlth   ++++......              (no amulet)
HPRegen 0.89/turn               f - +6 ring of dexterity
MPRegen 0.12/turn               (no ring)

@: no status effects
A: fangs 2, regeneration 1, magic shield, antimagic bite, no potion heal 2,
hated by all
a: Renounce Religion


You were on level 5 of the Dungeon.
You worshipped Ru.
Ru was pleased with you.
You visited 1 branch of the dungeon, and saw 5 of its levels.

You collected 92 gold pieces.

Inventory:

Hand Weapons
 a - the +2 whip "Zaiwko" {vamp, *Slow Str+2 Int+2 SInv}
   (You found it on level 2 of the Dungeon)

   It occasionally heals its wielder for a portion of the damage dealt when it
   wounds a living foe.
   Str:       It affects your strength (+2).
   Int:       It affects your intelligence (+2).
   SInv:      It lets you see invisible.
   *Slow:     It may slow you when you take damage.
 w - the +7 hunting sling of Ysicaug (weapon) {flame, Int+3 Stlth+}
   (You found it on level 2 of the Dungeon)

   Any ammunition fired from it burns those it strikes, dealing additional fire
   damage.
   Int:       It affects your intelligence (+3).
   Stlth:     It makes you more stealthy.
Missiles
 c - 130 stones (quivered ammo)
 e - 2 curare-tipped darts
 h - 7 sling bullets
 i - 10 poisoned darts
Armour
 j - +0 acid dragon scales (worn)
Jewellery
 f - a +6 ring of dexterity (left hand)
Wands
 g - a wand of iceblast (7)
Scrolls
 d - a scroll of silence
 k - 3 scrolls of blinking
Potions
 b - a potion of ambrosia {unknown}
 l - a potion of mutation {unknown}
 m - a potion of cancellation {unknown}
 o - a potion of curing


   Skills:
 - Level 0.2(1.2) Axes
 + Level 2.0 Maces & Flails
 * Level 3.2 Slings
 - Level 1.5 Dodging
 + Level 4.1 Stealth
 - Level 2.7 Spellcasting
 - Level 1.8 Transmutations
 - Level 3.7 Earth Magic


You had 9 spell levels left.
You knew the following spells:

 Your Spells              Type           Power      Damage    Failure   Level
a - Sandblast             Erth           32%        2d9       5%          1

Your spell library contained the following spells:

 Spells                   Type           Power      Damage    Failure   Level
 Passwall                 Tmut/Erth      10%        N/A       12%         2
 Stone Arrow              Conj/Erth      18%        3d8       34%         3
 Corpse Rot               Necr/Air       4%         N/A       36%         2
 Poisonous Vapours        Pois/Air       4%         N/A       36%         2
 Petrify                  Tmut/Erth      12%        N/A       61%         4


Dungeon Overview and Level Annotations

Branches:
Dungeon (5/15)
 Temple: D:4-7

Altars:
Elyvilon
Gozag
Hepliaklqana
Makhleb
Qazlal
Ru
Trog
Uskayaw
Vehumet
Wu Jian
Yredelemnul
Zin


Innate Abilities, Weirdness & Mutations

You have extremely sharp teeth.
Your natural rate of healing is unusually fast.
When hurt, damage is shared between your health and your magic reserves.
Your bite disrupts and absorbs the magic of your enemies.
Potions cannot restore your health.
You are hated by all.


Message History

Press: ? - help, Q - select action, (/) - cycle Shift-Dir - straight line, f - black bear
Aim: a black bear (75% to hit)
You shoot a stone. The stone barely misses the black bear.
Okay, then.
Fire: 132 stones
Press: ? - help, Q - select action, (/) - cycle Shift-Dir - straight line, f/p - black bear
Aim: a black bear (75% to hit)
You shoot a stone. The stone hits the black bear!
The stone burns the black bear.
The black bear is heavily wounded.
Fire: 131 stones
Press: ? - help, Q - select action, (/) - cycle Shift-Dir - straight line, f/p - black bear
Aim: a black bear (heavily wounded, 75% to hit)
You shoot a stone. The stone hits the black bear!
The stone burns the black bear.
The black bear is severely wounded.
The black bear goes berserk!
You hear a shout!
The black bear bites you! The black bear claws you.
The black bear barely misses you. The black bear closely misses you.
The black bear claws you but does no damage.
The black bear claws you. The black bear bites you. The black bear claws you.
The black bear closely misses you.
The black bear bites you but does no damage.
The black bear barely misses you. The black bear claws you.
The black bear bites you. The black bear closely misses you.
The black bear claws you but does no damage.
Found a potion of curing.
The black bear bites you! The black bear claws you.
* * * LOW HITPOINT WARNING * * *
The black bear claws you.
* * * LOW HITPOINT WARNING * * *
The black bear closely misses you. The black bear barely misses you.
The black bear claws you but does no damage.
The black bear bites you!
* * * LOW HITPOINT WARNING * * *
The black bear claws you.
You die...

#....(...
#...(#
##....##
#......#
##..##..##
#..####..#
#..####..#
##..##h)##
#...@..#
##....##
#....#
..........
####......#
########


You could see a black bear (berserk).

Vanquished Creatures
  A centaur (D:5)
  A jelly (D:4)
  A hound (D:4)
  2 hound skeletons (D:4)
  A gnoll (D:3)
  8 adders
  A worm (D:2)
  A dart slug (D:1)
  3 orcs
  8 endoplasms
  3 giant cockroaches
  7 goblins
  5 hobgoblins
  2 jackals (D:1)
  2 quokkas
  2 ball pythons (D:2)
  3 bats (D:3)
  2 frilled lizards (D:1)
  9 kobolds
  5 rats
67 creatures vanquished.

Notes
Turn   | Place    | Note
-------+----------+-------------------------------------------
     0 | D:1      | tizbic2 the Vine Stalker Earth Elementalist began the quest
                  | for the Orb.
     0 | D:1      | Reached XP level 1. HP: 9/9 MP: 4/4
   103 | D:1      | Reached XP level 2. HP: 8/13 MP: 4/6
   841 | D:2      | Found a faded altar of an unknown god.
   929 | D:2      | Identified the +7 hunting sling of Ysicaug {flame, Int+3
                  | Stlth+}
   939 | D:2      | Reached XP level 3. HP: 14/16 MP: 7/7
  1357 | D:2      | Identified the +2 whip "Zaiwko" {vamp, *Slow Str+2 Int+2
                  | SInv}
  1553 | D:3      | Gained mutation: Your natural rate of healing is unusually
                  | fast. [Vine Stalker growth]
  1553 | D:3      | Reached XP level 4. HP: 21/21 MP: 9/9
  1587 | D:3      | Found a basalt altar of Yredelemnul.
  1609 | D:3      | Found a stormy altar of Qazlal.
  1613 | D:3      | Found a glowing silver altar of Zin.
  1614 | D:3      | Found a hide-covered altar of Uskayaw.
  1614 | D:3      | Found a sacrificial altar of Ru.
  1614 | D:3      | Found a bloodstained altar of Trog.
  1615 | D:3      | Found a burning altar of Makhleb.
  1616 | D:3      | Found an opulent altar of Gozag.
  1617 | D:3      | Found a hazy altar of Hepliaklqana.
  1618 | D:3      | Found a radiant altar of Vehumet.
  1619 | D:3      | Found an ornate altar of the Wu Jian Council.
  1628 | D:3      | Became a worshipper of Ru the Awakened
  1666 | D:3      | Reached skill level 1 in Slings
  2021 | D:3      | Reached skill level 3 in Stealth
  2262 | D:4      | Reached skill level 1 in Maces & Flails
  2262 | D:4      | Reached XP level 5. HP: 24/24 MP: 10/10
  2281 | D:4      | Gained mutation: You are hated by all. [Ru sacrifice]
  2281 | D:4      | Reached * piety under Ru
  2281 | D:4      | Reached ** piety under Ru
  2555 | D:4      | Found a white marble altar of Elyvilon.
  2765 | D:4      | Reached XP level 6. HP: 28/28 MP: 11/11
  2984 | D:5      | Entered Level 5 of the Dungeon
  3000 | D:5      | Reached skill level 4 in Stealth
  3005 | D:5      | Noticed a black bear
  3028 | D:5      | HP: 1/28 [black bear (9)]
  3028 | D:5      | Slain by a black bear

Illustrated notes

Levels and vault maps discovered:
D:1:      mrwooster_arrival_arrow, layout_loops_ring,
          hangedman_decor_diamond_cutter, minmay_quantized
D:2:      layout_basic, hellmonk_ecumenical_altar_lost_god, st_stairs_5
D:3:      minmay_evil_eye, layout_rooms, minitemple, st_stairs_5
D:4:      layout_basic, lemuel_round_altar
D:5:      layout_basic, enter_ossuary_2, minmay_misc_feat_iff,
          uniq_prince_ribbit1

Skill      XL: |  1  2  3  4  5  6 |
---------------+-------------------+-----
Slings         | 2 3 |  3.2
Stealth        | 3 4 |  4.1
Maces & Flails | 1 2 |  2.0
Axes           | |  0.2
Dodging        | |  1.5
Spellcasting   | |  2.7
Transmutations | |  1.8
Earth Magic    | |  3.7

Action                   |  1- 3 |  4- 6 || total
-------------------------+-------+-------++-------
Melee: War axe           |    26 |       ||    26
       Bite              |     9 |    10 ||    19
       Unarmed           |     1 |       ||     1
       Punch             |     1 |       ||     1
       Whip              |       |    39 ||    39
 Fire: Hunting sling     |    25 |    55 ||    80
 Cast: Sandblast         |     6 |       ||     6
Invok: Sacrifice Love    |       |     1 ||     1
  Use: Scroll            |     2 |     5 ||     7
 Stab: Sleeping          |     4 |     1 ||     5
Armor: Robe              |     2 |       ||     2
       Leather armour    |     2 |       ||     2
       Acid dragon scale |     1 |    24 ||    25
Dodge: Dodged            |    17 |    32 ||    49
